 Dungeon Crawl Stone Soup version 0.32-a0-312-g1d7162e751 (webtiles) character file.

Game seed: 16035873421687567841

135 fgjk the Trooper (level 4, 0/41 HPs)
             Began as a Minotaur Fighter on Feb 15, 2024.
             Slain by an orc priest
             ... wielding a +0 falchion
              (6 damage)
             ... on level 3 of the Dungeon.
             The game lasted 00:02:22 (1553 turns).

fgjk the Trooper (Minotaur Fighter)                 Turns: 1553, Time: 00:02:23

Health: 0/41       AC:  7    Str: 21    XL:     4   Next: 96%
Magic:  3/3        EV:  9    Int: 13    God:
Gold:   56         SH:  6    Dex:  7    Spells: 3/3 levels left

rFire   . . .        l - +0 war axe (venom)
rCold   . . .        j - +2 buckler
rNeg    . . .        b - +0 scale mail
rPois   .            (helmet restricted)
rElec   .            (no cloak)
rCorr   .            (no gloves)
SInv    .            (no boots)
Will    .....        (no amulet) Stlth
                     (no ring)
HPRegen 0.26/turn    (no ring)
MPRegen 0.08/turn

%: random rage (3%)
@: no status effects
A: horns 2, retaliatory headbutt, berserk 1, clever 2
a: Convert to Beogh


You were on level 3 of the Dungeon.
You visited 1 branch of the dungeon, and saw 3 of its levels.

You collected 96 gold pieces.
You spent 40 gold pieces at shops.

Inventory:

Hand Weapons
 a - a +0 war axe
 l - a +0 war axe of venom (weapon)
Armour
 b - a +0 scale mail (worn)
 j - a +2 buckler (worn)
Jewellery
 i - a ring of ice
Scrolls
 c - a scroll of fear
Potions
 d - a potion of might
 e - 2 potions of cancellation {unknown}
 f - 2 potions of lignification {unknown}
 g - a potion of heal wounds {unknown}
 h - 2 potions of curing {unknown}
 k - a potion of attraction {unknown}


   Skills:
 + Level 4.4 Fighting
 + Level 3.5 Axes
 + Level 4.4 Armour
 + Level 2.0 Dodging
 + Level 4.4 Shields


You had 3 spell levels left.
You didn't know any spells.
Your spell library was empty.

Dungeon Overview and Level Annotations

Branches:
Dungeon (3/15)

Altars:
Gozag
Zin

Shops:
D:1 *


Innate Abilities, Weirdness & Mutations

You have a pair of horns on your head.
You reflexively headbutt those who attack you in melee.
You sometimes lose your temper in combat.
Your mind is very acute. (Int +8, Str/Dex -2)


Message History

You hit the endoplasm. You hit the adder.
The adder is poisoned.
You block the adder's attack.
The orc priest invokes the aid of Beogh against you.
Beogh smites you! The endoplasm misses you.
The adder bites you but does no damage.
You slash the endoplasm!
You kill the endoplasm!
You hit the adder.
You kill the adder!
The frilled lizard hisses.
The orc priest hits you with a +0 falchion.
The frilled lizard bites you but does no damage.
The orc hits you but does no damage.
The orc priest threatens, "Beogh's wrath is as vast as their mercy.
Make your choice!" (press Y on the ability menu to convert to Beogh)
Your Dodging skill increases to level 2!
You barely miss the orc priest. You slash the frilled lizard!
You kill the frilled lizard!
You hit the orc.
The orc priest mumbles some strange prayers to Beogh against you.
Pain shoots through your body! The orc closely misses you.
Unknown command.
You are too injured to fight recklessly!
Unknown command.
You are too injured to fight recklessly!
Unknown command.
You are too injured to fight recklessly!
Unknown command.
You are too injured to fight recklessly!
Unknown command.
Unknown command.
You closely miss the orc priest. You hit the orc.
You kill the orc!
The orc priest invokes the aid of Beogh against you.
Pain shoots through your body!
* * * LOW HITPOINT WARNING * * *
Unknown command.
You closely miss the orc priest.
The orc priest hits you with a +0 falchion.
You die...

# .# # .
####.##.# ...
#@o......
.....##))......
..lJ.).........
.....##........
.... #........
... #........
## #........
#......$.
#########


You could see an orc priest.

Vanquished Creatures
  Jessica (D:2)
  An adder (D:3)
  3 dart slugs
  4 orcs (D:3)
  3 ball pythons (D:2)
  6 endoplasms
  A giant cockroach (D:1)
  2 goblins
  6 hobgoblins
  7 jackals (D:2)
  2 quokkas
  2 bats (D:2)
  3 frilled lizards
  4 kobolds
  4 rats
49 creatures vanquished.

Notes
Turn   | Place    | Note
-------+----------+-------------------------------------------
     0 | D:1      | fgjk the Minotaur Fighter began the quest for the Orb.
     0 | D:1      | Reached XP level 1. HP: 19/19 MP: 0/0
     7 | D:1      | Gained mutation: You sometimes lose your temper in combat.
                  | [potion of mutation]
     7 | D:1      | Gained mutation: Your mind is acute. (Int +4, Str/Dex -1)
                  | [potion of mutation]
     7 | D:1      | Gained mutation: Your mind is very acute. (Int +8, Str/Dex
                  | -2) [potion of mutation]
    18 | D:1      | Found Iguo's General Store.
    96 | D:1      | Reached XP level 2. HP: 27/27 MP: 1/1
   206 | D:1      | Reached skill level 1 in Dodging
   463 | D:1      | Found an opulent altar of Gozag.
   559 | D:1      | Bought a scroll of fear for 40 gold pieces
   641 | D:2      | Reached XP level 3. HP: 33/33 MP: 2/2
   798 | D:2      | Noticed Jessica
   808 | D:2      | Killed Jessica
   809 | D:2      | Reached XP level 4. HP: 27/40 MP: 3/3
   924 | D:2      | Found a glowing silver altar of Zin.
  1553 | D:3      | Slain by an orc priest

Illustrated notes

Levels and vault maps discovered:
D:1:      dpeg_arrival_water_altar, layout_basic, serial_shops, shop
D:2:      layout_loops_corners, basic_altar, uniq_jessica
D:3:      layout_basic, marbit_many_paths

Skill      XL: |  1  2  3  4 |
---------------+-------------+-----
Dodging        | 1 2 |  2.0
Fighting       | 4 |  4.4
Armour         | 4 |  4.4
Shields        | 4 |  4.4
Axes           | 3 |  3.5

Action                     |  1- 3 |  4- 6 || total
---------------------------+-------+-------++-------
  Melee: War axe           |    56 |    29 ||    85
         Headbutt          |    15 |     6 ||    21
    Use: Scroll            |     2 |       ||     2
         Potion            |     1 |       ||     1
 Armour: Scale mail        |    46 |    16 ||    62
  Dodge: Dodged            |    30 |    13 ||    43
  Block: Buckler           |    17 |    12 ||    29

Table legend: (Time is in decaauts)
 A = Elapsed time spent in this place.
 B = Non-inter-level travel time spent in this place.
 C = Inter-level travel time spent in this place.
 D = Time resting spent in this place.
 E = Time spent auto-exploring this place.
 F = Levels seen in this place.
 G = Mean time per level.
                   A        B        C        D        E       F      G
               +--------+--------+--------+--------+--------+-----+--------+
         Total |   1598 |   1432 |    166 |      0 |   1136 |   3 |  532.7 |
       Dungeon |   1598 |   1432 |    166 |      0 |   1136 |   3 |  532.7 |
               +--------+--------+--------+--------+--------+-----+--------+

Top non-repeatable levels by time:
     D:2: 967 daAuts
     D:1: 615 daAuts
     D:3: 15 daAuts
